 Dungeon Crawl Stone Soup version 0.30-b1-2-g02819fbbbe (webtiles) character file.

Game seed: 13267680949850731095

150254 Dirian the Executioner (level 16, -2/247 HPs)
             Began as a Minotaur Berserker on May 15, 2023.
             Was the Champion of Trog.
             Succumbed to a swamp dragon's blast of poison
             ... on level 4 of the Swamp.
             The game lasted 00:31:58 (19831 turns).

Dirian the Executioner (Minotaur Berserker)        Turns: 19831, Time: 00:31:59

Health: -2/247     AC: 26    Str: 31    XL:     16   Next: 98%
Magic:  24/24      EV: 11    Int:  4    God:    Trog [******]
Gold:   2119       SH:  0    Dex: 13    Spells: 15/15 levels left

rFire   + . .        F - +13 executioner's axe "Zicwus" {flame, Str+3}
rCold   + . .        (shield currently unavailable)
rNeg    + + .        a - +5 chain mail "Qorhic" {Rampage}
rPois   .            W - +2 hat
rElec   .            p - scarf {rC+ rF+}
rCorr   .            G - +2 pair of gloves {Dex+3}
SInv    +            s - +0 pair of boots
Will    +++++        o - amulet of regeneration Stlth
                     T - ring "Xoamoat" {rN+ Will++ Dex-2 SInv}
HPRegen 2.41/turn    b - ring "Hatelox" {Contam rN+ MP+9 Slay+5}
MPRegen 0.19/turn

%: rampage
@: berserking, lethally poisoned (-2 -> -52), strong-willed, regenerating, quick
A: horns 2, retaliatory headbutt
a: Renounce Religion, Berserk, Trog's Hand, Brothers in Arms


You were on level 4 of the Swamp.
You worshipped Trog.
Trog was exalted by your worship.
You visited 4 branches of the dungeon, and saw 26 of its levels.
You also visited: Ossuary and Ice Cave.

You collected 3289 gold pieces.
You spent 1170 gold pieces at shops.

Inventory:

Hand Weapons
 F - the +13 executioner's axe "Zicwus" (weapon) {flame, Str+3}
   (Trog gifted it to you on level 9 of the Dungeon)

   Str:       It affects your strength (+3).
 H - a +0 executioner's axe of venom
 V - the +7 broad axe of Extinguishment {heavy, Int+2}
   (You found it on level 12 of the Dungeon)

   Int:       It affects your intelligence (+2).
Armour
 a - the +5 chain mail "Qorhic" (worn) {Rampage}
   (You acquired it on level 4 of the Dungeon)

   Rampage:   It bestows one free step when moving towards enemies.
 p - a scarf of resistance (worn)
 s - a +0 pair of boots (worn)
 D - a +0 kite shield of reflection
 G - a +2 pair of gloves of dexterity (worn)
 U - a +1 crystal plate armour
 W - a +2 hat (worn)
Jewellery
 b - the ring "Hatelox" (right hand) {Contam rN+ MP+9 Slay+5}
   (You acquired it on level 4 of the Dungeon)

   [ring of magical power]

   Slay:      It affects your accuracy & damage with ranged weapons and melee
   (+5).
   rN:        It protects you from negative energy.
   MP:        It affects your magic capacity (+9).
   Contam:    It causes magical contamination when unequipped.
 o - an amulet of regeneration (around neck)
 P - the amulet "Ruhiqiupp" {Faith Int+2}
   (You found it on level 5 of the Lair of Beasts)

   [amulet of faith]

   It allows you to gain divine favour quickly.
   Int:       It affects your intelligence (+2).
 S - a ring of poison resistance
 T - the ring "Xoamoat" (left hand) {rN+ Will++ Dex-2 SInv}
   (You bought it in a shop on level 5 of the Dungeon)

   [ring of see invisible]

   Dex:       It affects your dexterity (-2).
   rN:        It protects you from negative energy.
   SInv:      It lets you see invisible.
   Will:      It greatly increases your willpower.
 Y - the ring of Serendipity {rN+ rCorr Int+2 Dex-3}
   (You found it in an ice cave)

   [ring of resist corrosion]

   Int:       It affects your intelligence (+2).
   Dex:       It affects your dexterity (-3).
   rN:        It protects you from negative energy.
   rCorr:     It protects you from acid and corrosion.
 Z - a ring of flight
Wands
 f - a wand of flame (64)
 A - a wand of polymorph (15)
 C - a wand of quicksilver (10)
 E - a wand of paralysis (16)
 N - a wand of iceblast (27)
 R - a wand of mindburst (4)
Scrolls
 e - 6 scrolls of butterflies
 m - 2 scrolls of magic mapping
 r - 9 scrolls of identify
 t - 7 scrolls of teleportation
 u - 3 scrolls of poison
 v - 3 scrolls of enchant weapon
 y - 2 scrolls of fear
 z - 2 scrolls of blinking
 I - 6 scrolls of immolation
 J - 4 scrolls of enchant armour
 M - 5 scrolls of fog
Potions
 c - 4 potions of cancellation
 d - 7 potions of might
 g - 5 potions of invisibility
 h - 2 potions of haste
 i - 3 potions of lignification
 j - 2 potions of magic
 k - 7 potions of berserk rage
 n - a potion of resistance
 q - 7 potions of curing
 w - 14 potions of heal wounds
 x - 4 potions of attraction
 K - 5 potions of flight
 L - 3 potions of mutation
 Q - a potion of ambrosia


   Skills:
 * Level 20.5 Fighting
 + Level 24.8 Axes
 * Level 17.0 Armour
 * Level 4.6 Dodging


You had 15 spell levels left.
You didn't know any spells.
Your spell library was empty.

Dungeon Overview and Level Annotations

Branches:
Dungeon (15/15) Zot: 26169  Temple (0/1) D:6            Lair (5/5) D:8 Zot: 25542
  Swamp (4/4) Lair:2 Zot: 21862   Snake (0/4) Lair:3        Slime (0/5) Lair:5
    Orc (2/2) D:12 Zot: 10744     Elf (0/3) Orc:2        Vaults (0/5) D:13
 Depths (0/4) D:15        Ossuary (visited)           IceCv (visited)

Altars:
Dithmenos
Kikubaaqudgha
Makhleb
Qazlal
Uskayaw
Xom
Yredelemnul
The Shining One

Shops:
D:5 [:=:   D:15 (   Orc:2 :[*:

Portals:
Trove: D:15 (give 15 potions of curing)


Innate Abilities, Weirdness & Mutations

You have a pair of horns on your head.
You reflexively headbutt those who attack you in melee.


Message History

You headbutt the swamp dragon!
You kill the swamp dragon!
Trog accepts your kill. Trog grants you a weapon!
Something appears at your feet!
You hear a splash.
You see here a +2 battleaxe of flaming.
You rampage towards the swamp dragon!
You slice the swamp dragon!! You burn the swamp dragon!
You headbutt the swamp dragon!
The swamp dragon is almost dead.
You are engulfed in poison gas.
You are more poisoned.
* * * LOW HITPOINT WARNING * * *
x2 You feel extremely sick.
The swamp dragon breathes poison at you.
The blast of poison engulfs you!
You are more poisoned.
* * * LOW HITPOINT WARNING * * *
Your unstable footing causes you to fumble your attack.
* * * LOW HITPOINT WARNING * * *
You feel extremely sick.
You carve the swamp dragon like a ham!!!
You burn the swamp dragon!
The swamp dragon is almost dead.
You slice the swamp dragon!! You burn the swamp dragon.
You kill the swamp dragon!
Trog accepts your kill.
* * * LOW HITPOINT WARNING * * *
You feel extremely sick.
You are too berserk!
Okay, then.
You slash the swamp dragon! You burn the swamp dragon.
You kill the swamp dragon!
Trog accepts your kill.
The swamp dragon scales are intact enough to wear.
* * * LOW HITPOINT WARNING * * *
You feel extremely sick.
You rampage towards the swamp drake!
Found a wand of paralysis (2).
Your unstable footing causes you to fumble your attack.
You die...

♣♣~~~~~..♣... ♣~.~~~~.....
♣♣.~§~.~~.~♣ ♣~.~~...~..#
~♣♣ ♣♣.~~~~♣.~♣
♣.~♣♣.~~~°°♣~♣
/~§...☼~○~§.~♣
..~~~~~☼~○.†♣#
§§~~~~k@†○○~♣#
~~~§.~○☼°.♣§~♣
~~~~~♣~☼~.♣♣~♣#
~~~~.:~~~.♣♣.~♣# ♣
..~♣♣~.~..~~.~~♣♣# ♣. ..
♣♣♣~.~~~~♣~.§♣♣##♣.~ ~ ~
♣~..~~..~♣♣~~~♣§.~~ ~~~
♣♣♣.~...~.†♣♣♣♣......
~~~~.♣~<~..~...~..♣♣♣♣.~~~


You could see a swamp drake.

Vanquished Creatures
  Rupert (Lair:5)
  Mlioglotl (Swamp:3)
  A tengu reaver (D:12)
  A thorn hunter (Swamp:2)
  The ghost of NitroKuite the Crack Shot, an adept SpHu of Hepliaklqana (Swamp:2)
  Donald (Swamp:3)
  A fire giant (D:12)
  The ghost of Vorhees the Blocker, an adept GnHu of Nemelex Xobeh (Swamp:2)
  A storm dragon (D:12)
  2 fenstrider witches (Swamp:2)
  The ghost of esper6 the Thaumaturge, a journeyman GnNe of Cheibriados (Swamp:2)
  An ironbound preserver (D:13)
  The ghost of Dubring the Tortoise, a journeyman MiBe of Trog (Lair:5)
  A white draconian (IceCv)
  2 eleionomae
  Azrael (D:15)
  2 bunyips
  Snorg (Orc:2)
  A fire dragon (D:14)
  A crystal guardian (D:12)
  A yaktaur captain (D:12)
  The ghost of Pamiuf the Slicer, a journeyman KoSu of Ru (Lair:2)
  19 hydras
  The ghost of Tsarbomb the Cleaver, a journeyman DsGl of Okawaru (D:11)
  14 two-headed ogres
  2 catoblepae
  7 centaur warriors
  5 ogre magi
  10 death yaks (Lair:5)
  4 alligators
  2 boulder beetles
  A deep troll shaman (Lair:5)
  An orc high priest (Orc:2)
  Nergalle (Lair:2)
  8 skeletal warriors
  7 spriggans
  The ghost of diceflayer the Sneak, a novice DsHu of Okawaru (D:10)
  A fire crab (Lair:4)
  2 goliath frogs
  A spriggan druid (Swamp:3)
  10 swamp dragons
  A wizard (D:15)
  A bog body (Swamp:1)
  A phantasmal warrior (D:12)
  2 necromancers
  4 orc knights
  5 deep elf pyromancers
  6 orc sorcerers
  10 cyclopes
  An ugly thing (D:12)
  A wolf spider (D:12)
  A will-o-the-wisp (Swamp:2)
  13 elephants (Lair:5)
  5 manticores
  13 cane toads
  7 black mambas
  2 gargoyles
  A torpor snail (Lair:3)
  A naga mage (D:15)
  Maggie (D:7)
  2 ice statues (IceCv)
  A kobold demonologist (D:11)
  7 rime drakes
  A rime drake (shapeshifter) (D:14)
  An efreet (D:15)
  3 komodo dragons
  A tengu conjurer (D:14)
  8 tyrant leeches
  8 trolls
  7 hornets
  4 polar bears
  A meliai (D:12)
  4 red devils (D:13)
  Prince Ribbit (D:6)
  Grinder (D:6)
  A meliai zombie (D:15)
  A dream sheep (Lair:4)
  14 blink frogs
  2 centaur simulacra (D:15)
  7 slime creatures
  2 shadows
  4 wyverns
  3 fire elementals (D:15)
  2 wraiths (D:11)
  2 vampires (D:11)
  69 yaks
  2 steam dragons
  5 basilisks
  3 wargs
  24 vampire mosquitoes
  4 acid dragons
  13 swamp worms
  2 hell hounds (D:15)
  13 water moccasins
  A floating eye (shapeshifter) (D:11)
  6 swamp drakes
  An ice beast (D:5)
  3 black bears
  23 orc warriors
  3 sky beasts
  27 ogres
  16 wolves
  14 centaurs
  The ghost of diceflayer the Shooter, an amateur DsHu (D:4)
  5 kobold brigands
  12 bullfrogs
  7 elf zombies (Ossuary)
  2 gnoll sergeants
  Blork the orc (D:4)
  4 killer bees (D:8)
  5 lindwurm simulacra (IceCv)
  An electric eel (Lair:2)
  8 howler monkeys
  3 human zombies (Ossuary)
  6 komodo dragon simulacra (IceCv)
  4 hounds
  11 jellies
  3 centaur zombies
  3 gnoll boudas
  14 orc priests
  A sleepcap (D:5)
  3 iguanas
  23 orc wizards
  5 polar bear simulacra (Lair:3)
  4 hell rats (Lair:3)
  3 yak simulacra (Lair:3)
  A boggart skeleton (D:15)
  3 mummies (Ossuary)
  22 gnolls
  6 acid dragon simulacra (IceCv)
  7 adders
  4 ufetubi
  4 steam dragon simulacra (IceCv)
  3 worms
  3 dart slugs
  78 orcs
  13 endoplasms
  4 giant cockroaches
  9 goblins
  9 hobgoblins
  4 jackals (D:1)
  4 quokkas
  12 ball pythons
  3 bats (D:1)
  30 kobolds
  2 rats (D:1)
  3 river rat simulacra (Lair:3)
  2 bushes
870 creatures vanquished.

Vanquished Creatures (others)
  An alligator (Swamp:2)
  3 bloated husks
  A swamp drake (Swamp:1)
  19 fungi
  19 plants
43 creatures vanquished.

Grand Total: 913 creatures vanquished

Notes
Turn   | Place    | Note
-------+----------+-------------------------------------------
     0 | D:1      | Dirian the Minotaur Berserker began the quest for the Orb.
     0 | D:1      | Reached XP level 1. HP: 19/19 MP: 0/0
   102 | D:1      | Reached XP level 2. HP: 27/27 MP: 1/1
   104 | D:1      | Reached skill level 4 in Axes
   328 | D:1      | Reached XP level 3. HP: 28/33 MP: 2/2
   902 | D:2      | Reached ** piety under Trog
  1343 | D:2      | Reached XP level 4. HP: 37/41 MP: 3/3
  1386 | D:3      | Found an ancient bone altar of Kikubaaqudgha.
  1584 | D:3      | Found a stormy altar of Qazlal.
  1638 | D:3      | Reached skill level 5 in Axes
  2254 | D:4      | Reached XP level 5. HP: 45/47 MP: 4/4
  2310 | D:4      | Noticed Blork the orc
  2317 | D:4      | Killed Blork the orc
  2318 | D:4      | Reached skill level 5 in Fighting
  2318 | D:4      | Reached skill level 5 in Armour
  2318 | D:4      | Reached XP level 6. HP: 36/56 MP: 5/5
  2332 | D:4      | Reached skill level 6 in Axes
  2356 | D:4      | Found a runed translucent door.
  2356 | D:4      | Noticed diceflayer's ghost (amateur DsHu)
  2387 | D:4      | Found a sand-covered staircase.
  2394 | Ossuary  | Entered an ossuary
  2484 | Ossuary  | Reached *** piety under Trog
  2485 | Ossuary  | Reached XP level 7. HP: 51/61 MP: 6/6
  2487 | Ossuary  | Reached skill level 7 in Axes
  2556 | Ossuary  | Reached skill level 8 in Axes
  2902 | D:4      | Killed diceflayer's ghost
  2903 | D:4      | Reached XP level 8. HP: 70/70 MP: 7/7
  2956 | D:4      | Identified 2 scrolls of acquirement
  2958 | D:4      | Acquired the +5 chain mail "Qorhic" {Rampage}
  2959 | D:4      | Acquired the ring "Hatelox" {Contam rN+ MP+9 Slay+5}
  3003 | D:5      | Entered Level 5 of the Dungeon
  3096 | D:5      | Found Vyklefat's Book Shoppe.
  3106 | D:5      | Found Koleun's Jewellery Boutique.
  3118 | D:5      | Found Terphasee's Book Boutique.
  3121 | D:5      | Reached skill level 9 in Axes
  3525 | D:5      | Found Aqyob's Armour Boutique.
  3646 | D:6      | Reached skill level 10 in Axes
  3851 | D:6      | Reached skill level 11 in Axes
  3851 | D:6      | Reached XP level 9. HP: 64/79 MP: 8/8
  3916 | D:6      | Noticed Grinder
  3919 | D:6      | Reached **** piety under Trog
  3923 | D:6      | Killed Grinder
  3980 | D:6      | Noticed Prince Ribbit
  3987 | D:6      | Killed Prince Ribbit
  3996 | D:6      | Found a staircase to the Ecumenical Temple.
  4172 | D:6      | Reached skill level 12 in Axes
  4176 | D:6      | Found a hide-covered altar of Uskayaw.
  4176 | D:6      | Found a glowing golden altar of the Shining One.
  4178 | D:6      | Found a basalt altar of Yredelemnul.
  4181 | D:6      | Found a burning altar of Makhleb.
  4555 | D:7      | Noticed Maggie
  4568 | D:7      | Killed Maggie
  4569 | D:7      | Reached skill level 13 in Axes
  4878 | D:7      | Reached XP level 10. HP: 76/90 MP: 9/9
  5140 | D:8      | Reached skill level 14 in Axes
  5141 | D:8      | Reached ***** piety under Trog
  5248 | D:8      | Found a staircase to the Lair.
  5568 | D:9      | Found a shimmering altar of Xom.
  5607 | D:9      | Found a shadowy altar of Dithmenos.
  5638 | D:9      | Reached skill level 15 in Axes
  5758 | D:9      | Identified the +13 executioner's axe "Zicwus" {flame,
                  | Str+3} (Trog gifted it to you on level 9 of the Dungeon)
  5758 | D:9      | Received a gift from Trog
  6175 | Lair:1   | Entered Level 1 of the Lair of Beasts
  6187 | Lair:1   | Noticed a cane toad
  6187 | Lair:1   | Noticed a black mamba
  6189 | Lair:1   | Killed a cane toad
  6190 | Lair:1   | Reached XP level 11. HP: 97/99 MP: 10/10
  6191 | Lair:1   | Reached skill level 10 in Armour
  6255 | Lair:1   | Reached skill level 16 in Axes
  6274 | Lair:1   | Reached skill level 10 in Fighting
  6492 | Lair:1   | Reached skill level 17 in Axes
  7243 | Lair:2   | Noticed Nergalle
  7249 | Lair:2   | Killed Nergalle
  7423 | Lair:2   | Noticed an eight-headed hydra
  7427 | Lair:2   | Killed a six-headed hydra
  7478 | Lair:2   | Reached XP level 12. HP: 95/108 MP: 11/11
  7483 | Lair:2   | Reached skill level 18 in Axes
  7519 | Lair:2   | Found a staircase to the Swamp.
  7587 | Lair:2   | Found a runed translucent gate.
  7589 | Lair:2   | Found a runed translucent gate.
  7589 | Lair:2   | Found a runed translucent gate.
  7591 | Lair:2   | Noticed Pamiuf's ghost (journeyman KoSu)
  7591 | Lair:2   | Noticed an 11-headed hydra
  7591 | Lair:2   | Noticed a 12-headed hydra
  8158 | Lair:2   | Killed Pamiuf's ghost
  8160 | Lair:2   | Killed a ten-headed hydra
  8162 | Lair:2   | Killed a nine-headed hydra
  8226 | Lair:3   | Reached skill level 19 in Axes
  8229 | Lair:3   | Noticed a five-headed hydra
  8234 | Lair:3   | Killed a three-headed hydra
  8275 | Lair:3   | Noticed a seven-headed hydra
  8279 | Lair:3   | Killed a six-headed hydra
  8378 | Lair:3   | Received a gift from Trog
  8691 | Lair:3   | Reached ****** piety under Trog
  8709 | Lair:3   | Reached skill level 20 in Axes
  8710 | Lair:3   | Reached XP level 13. HP: 109/119 MP: 12/12
  8834 | Lair:3   | Found a staircase to the Snake Pit.
  9605 | Lair:5   | Entered Level 5 of the Lair of Beasts
  9605 | Lair:5   | Noticed Rupert
  9613 | Lair:5   | Killed Rupert
  9645 | Lair:5   | Found a large runed translucent door.
  9645 | Lair:5   | Found a large runed translucent door.
  9700 | Lair:5   | Reached skill level 21 in Axes
  9759 | Lair:5   | Received a gift from Trog
  9805 | Lair:5   | Found a staircase to the Slime Pits.
  9873 | Lair:5   | Noticed Dubring's ghost (journeyman MiBe)
  9968 | Lair:5   | Reached XP level 14. HP: 105/132 MP: 13/13
  9989 | Lair:5   | Identified the amulet "Ruhiqiupp" {Faith Int+2}
 10139 | Lair:5   | Reached skill level 22 in Axes
 10380 | Lair:5   | Identified the +1 trident of Trauma {drain, Drain Fly rC-
                  | rCorr}
 10503 | Lair:5   | Killed Dubring's ghost
 10626 | D:5      | Bought a ring of poison resistance for 300 gold pieces
 10626 | D:5      | Bought the ring "Xoamoat" {rN+ Will++ Dex-2 SInv} for 540
                  | gold pieces
 10694 | D:10     | Entered Level 10 of the Dungeon
 10764 | D:10     | Found a runed translucent gate.
 10764 | D:10     | Found a runed translucent gate.
 10764 | D:10     | Found a runed translucent gate.
 10766 | D:10     | Noticed diceflayer's ghost (novice DsHu)
 10778 | D:10     | Killed diceflayer's ghost
 11447 | D:11     | Noticed Tsarbomb's ghost (journeyman DsGl)
 11453 | D:11     | Found a transporter.
 11458 | D:11     | Found a transporter.
 12076 | D:11     | Reached skill level 15 in Fighting
 12079 | D:11     | Received a gift from Trog
 12105 | D:11     | Killed Tsarbomb's ghost
 12206 | D:12     | Found a staircase to the Orcish Mines.
 12401 | D:12     | Noticed a storm dragon
 12401 | D:12     | Noticed a fire giant
 12408 | D:12     | Killed a fire giant
 12413 | D:12     | Killed a storm dragon
 12508 | D:12     | Noticed a tengu reaver
 12522 | D:12     | Killed a tengu reaver
 12556 | D:12     | Identified the +7 broad axe of Extinguishment {heavy,
                  | Int+2}
 12607 | D:12     | Identified the +4 sling of Gallantry {speed, rPois rC+
                  | Str-2 Stlth+}
 12705 | D:12     | Reached skill level 23 in Axes
 12786 | D:12     | Reached XP level 15. HP: 91/145 MP: 14/14
 13060 | Orc:1    | Entered Level 1 of the Orcish Mines
 13198 | Orc:1    | Found a runed translucent door.
 13298 | Orc:1    | Received a gift from Trog
 13386 | Orc:2    | Entered Level 2 of the Orcish Mines
 13437 | Orc:2    | Noticed Snorg
 13444 | Orc:2    | Killed Snorg
 13466 | Orc:2    | Found a staircase to the Elven Halls.
 13475 | Orc:2    | Reached skill level 15 in Armour
 13509 | Orc:2    | Found a frozen archway.
 13517 | IceCv    | Entered an ice cave
 13671 | IceCv    | Identified the +0 plate armour of Tyulech {rF+}
 13834 | IceCv    | Identified the ring of Serendipity {rN+ rCorr Int+2 Dex-3}
 13981 | Orc:2    | Received a gift from Trog
 13982 | Orc:2    | Found Beph's Armour Shop.
 13982 | Orc:2    | Found Pellet's Book Shoppe.
 13990 | Orc:2    | Found Jury's Book Emporium.
 13990 | Orc:2    | Found Xen Keeb's Assorted Antiques.
 14021 | Orc:2    | Bought a potion of heal wounds for 150 gold pieces
 14021 | Orc:2    | Bought a scroll of identify for 60 gold pieces
 14021 | Orc:2    | Bought a scroll of teleportation for 90 gold pieces
 14021 | Orc:2    | Bought a scroll labelled YDYAQO QUOWN for 30 gold pieces
 14845 | D:13     | Identified the +8 quarterstaff of Seus {freeze, rC- rN+++}
 14962 | D:13     | Reached skill level 24 in Axes
 15248 | D:13     | Received a gift from Trog
 15459 | D:13     | Found a gate to the Vaults.
 16906 | D:15     | Entered Level 15 of the Dungeon
 16918 | D:15     | Reached XP level 16. HP: 136/159 MP: 15/15
 16982 | D:15     | Found a staircase to the Depths.
 17027 | D:15     | Noticed Azrael
 17029 | D:15     | Found a portal to a secret trove of treasure.
 17036 | D:15     | Killed Azrael
 17041 | D:15     | Received a gift from Trog
 17573 | D:15     | Found Ereazyci's Antique Weapon Shoppe.
 17781 | Swamp:1  | Entered Level 1 of the Swamp
 18310 | Swamp:2  | Noticed a thorn hunter
 18323 | Swamp:2  | Killed a thorn hunter
 18499 | Swamp:2  | Found a runed translucent gate.
 18500 | Swamp:2  | Found a runed translucent gate.
 18502 | Swamp:2  | Found a runed translucent gate.
 18503 | Swamp:2  | Noticed Vorhees's ghost (adept GnHu)
 18503 | Swamp:2  | Noticed NitroKuite's ghost (adept SpHu)
 18504 | Swamp:2  | Noticed esper6's ghost (journeyman GnNe)
 18529 | Swamp:2  | Killed Vorhees's ghost
 18542 | Swamp:2  | Killed esper6's ghost
 18552 | Swamp:2  | Killed NitroKuite's ghost
 18559 | Swamp:2  | Identified the staff of poison "Boikitog" {rPois rN+}
 19301 | Swamp:3  | Noticed Donald
 19309 | Swamp:3  | Killed Donald
 19386 | Swamp:3  | Noticed Mlioglotl
 19391 | Swamp:3  | Noticed a tentacled starspawn
 19394 | Swamp:3  | Killed Mlioglotl
 19640 | Swamp:4  | Entered Level 4 of the Swamp
 19826 | Swamp:4  | Received a gift from Trog
 19829 | Swamp:4  | HP: 11/247 [poisoned by a swamp dragon (blast of poison)]
 19830 | Swamp:4  | HP: 5/247 [poisoned by a swamp dragon (blast of poison)]
 19831 | Swamp:4  | Succumbed to a swamp dragon's blast of poison

Illustrated notes

Levels and vault maps discovered:
D:1:      nzn_arrival_water_spiral, layout_rooms
D:2:      layout_loops_ring
D:3:      layout_basic, amcnicky_altar_gilded, nicolae_qazlal_scattered_showers
D:4:      layout_cave_pools, chequers_ossuary_entry_cave,
          hellmonk_ghost_happy_afterlife, uniq_blork_the_orc
D:5:      layout_basic, serial_shops, nicolae_book_shop_shelving,
          nicolae_shop_gaudy_bauble, shop, kennysheep_mini_moat
D:6:      layout_loops_ring, minitemple, minmay_temple_entry_hall, minivault_24,
          kennysheep_minor_cross, uniq_grinder, uniq_prince_ribbit1
D:7:      layout_rooms, glass_columns_c, kennysheep_generic_room_10, uniq_maggie
D:8:      layout_rooms, lair_entry_dummy
D:9:      layout_small_grid, mainiacjoe_overflow_catch_the_wave
D:10:     layout_loops_ring, ebering_ghost_rock_garden, evilmike_butchery
D:11:     layout_roguey, nzn_ghost_randoct
D:12:     minmay_tile_spiral, layout_small_grid, david_orc_2
D:13:     layout_layer_cave, skrybe_vaults_entry_preservation,
          nicolae_eternal_life, einodemon_armed_red_devil_minivault
D:14:     layout_basic, minmay_door_square, roderic_roman_lattice
D:15:     grunt_enter_depths_magical_seal, layout_basic,
          amcnicky_mini_pool_small, enter_trove_1, serial_shops, shop,
          chequers_serial_rivers_room_b, uniq_azrael
Lair:1:   layout_cave_pods, serial_bayou_shore_a
Lair:2:   layout_cave_pods, minmay_swamp_entry_worms,
          gammafunk_ghost_hydra_chop, serial_bayou_pond_b, uniq_nergalle
Lair:3:   lemuel_slime, layout_chaotic_city, guppyfry_snake_entry_garden,
          eino_house_with_fridge, grunt_megastairs_4, lemuel_fruit_tree
Lair:4:   layout_misc_corridors, st_stairs_3
Lair:5:   grunt_lair_end_beastmaster, layout_regular_city, slime_entry_1,
          ebering_ghost_disaster_area, uniq_rupert
Swamp:1:  layout_basic_swamp, evilmike_swamp_ruin_rubble_2, swamp_pool1
Swamp:2:  layout_basic_swamp, gammafunk_ghost_cemetery, serial_swamp_ruin,
          evilmike_swamp_ruin_house_5, evilmike_swamp_ruin_house_1
Swamp:3:  layout_basic_swamp, evilmike_swamp_ruin_wall, swamp_pool2,
          uniq_donald, uniq_mlioglotl
Swamp:4:  swamp, layout_basic_swamp, swamp_pool4
Orc:1:    layout_caves, basic_altar, lightli_church_of_beogh
Orc:2:    st_orc_ogre_mass, layout_caves, portal_ice_cave_rime, uniq_snorg

Skill      XL: |  1  2  3  4  5  6  7  8  9 10 11 12 13 14 15 16 |
---------------+-------------------------------------------------+-----
Axes           | 4 5 6 8 11 13 15 17 20 21 23 24 | 24.8
Fighting       | 4 5 6 7 8 9 10 12 14 16 18 20 | 20.5
Armour         | 3 4 5 6 7 8 9 11 12 13 14 15 17 | 17.0
Dodging        | 4 |  4.6

Action                     |  1- 3 |  4- 6 |  7- 9 | 10-12 | 13-15 | 16-18 || total
---------------------------+-------+-------+-------+-------+-------+-------++-------
  Melee: Hand axe          |    86 |    65 |       |       |       |       ||   151
         Headbutt          |     7 |    21 |    41 |    35 |    97 |    54 ||   255
         Battleaxe         |       |    31 |   212 |    72 |       |       ||   315
         Executioner's axe |       |       |       |   201 |   552 |   288 ||  1041
 Invoke: Trog's Hand       |       |     2 |     1 |     2 |     7 |     3 ||    15
         Berserk           |       |     1 |     1 |     1 |     5 |     3 ||    11
    Use: Scroll            |       |     5 |    11 |     5 |    10 |     1 ||    32
   Stab: Confused          |       |       |       |       |       |     1 ||     1
 Armour: Animal skin       |    18 |       |       |       |       |       ||    18
         Ring mail         |     6 |    40 |    18 |       |       |       ||    64
         Chain mail        |       |       |    72 |   154 |   229 |   197 ||   652
  Dodge: Dodged            |    62 |    61 |    90 |   120 |   174 |   112 ||   619
